 Dungeon Crawl Stone Soup version 0.27.0-1-g7a089689b8 (webtiles) character file.

Game seed: 28683434545092250

77 MirrMurr the Skirmisher (level 4, -3/29 HPs)
             Began as a Gargoyle Berserker on July 31, 2021.
             Was a Follower of Trog.
             Slain by Sigmund (9 damage)
             ... on level 4 of the Dungeon.
             The game lasted 00:04:35 (3494 turns).

MirrMurr the Skirmisher (Gargoyle Berserker)        Turns: 3494, Time: 00:04:36

Health: -3/29      AC: 12    Str: 21    XL:     4   Next: 34%
Magic:  4/4        EV: 10    Int:  8    God:    Trog [*.....]
Gold:   96         SH:  0    Dex:  9    Spells: 3/3 levels left

rFire    . . .     SeeInvis .   a - +0 spear
rCold    . . .     Faith    .   (no shield)
rNeg     + . .     Spirit   .   m - +0 scale mail
rPois    ∞         Reflect  .   (no helmet)
rElec    +         Harm     .   k - +0 cloak
rCorr    .         Rampage  .   (no gloves)
Will     .....                  g - +0 pair of boots
Stlth    ..........             (no amulet)
HPRegen  0.09/turn              (no ring)
MPRegen  0.09/turn              (no ring)

@: on berserk cooldown, slowed, very slow
A: sickness immunity, AC +3, negative energy resistance 1, electricity
resistance, torment resistance 1, petrification resistance
a: Renounce Religion, Berserk


You were on level 4 of the Dungeon.
You worshipped Trog.
Trog was aware of your devotion.
You visited 1 branch of the dungeon, and saw 4 of its levels.

You collected 96 gold pieces.

Inventory:

Hand Weapons
 a - a +0 spear (weapon)
 c - a +0 hunting sling
Missiles
 e - 30 stones (quivered)
 f - 4 boomerangs
 h - 14 poisoned darts
Armour
 g - a +0 pair of boots (worn)
 k - a +0 cloak (worn)
 m - a +0 scale mail (worn)
Scrolls
 l - a scroll of magic mapping
Potions
 b - 4 potions of curing
 d - a potion of heal wounds {unknown}
 i - a potion of lignification
 j - a potion of haste {unknown}


   Skills:
 + Level 3.8 Fighting
 * Level 3.4 Polearms
 + Level 0.7 Throwing
 + Level 2.7 Armour
 + Level 2.1 Dodging


You had 3 spell levels left.
You didn't know any spells.
Your spell library was empty.

Dungeon Overview and Level Annotations

Branches:
Dungeon (4/15)             Temple (0/1) D:4

Altars:

Shops:
D:3 :

Annotations:
D:3 2 transporters, flinch's ghost, amateur KoMo
D:4 Sigmund


Innate Abilities, Weirdness & Mutations

You are immune to sickness and miasma.
Your stone body is resilient. (AC +3)
You are immune to poison.
You resist negative energy. (rN+)
You are resistant to electric shocks. (rElec)
You are resistant to unholy torment.
You are immune to petrification.


Message History

* * * LOW HITPOINT WARNING * * *
Reach: a) +0 spear
Press: ? - help, Dir - move target, f/p - Sigmund
Aim: Sigmund, wielding a +7 scythe of venom and wearing a +0 robe (almost dead, about 45% to evade your +0 spear)
You reach to attack!
You closely miss Sigmund.
Sigmund is almost dead.
Unknown command.
Reach: a) +0 spear
Press: ? - help, Dir - move target, f/p - Sigmund
Aim: Sigmund, wielding a +7 scythe of venom and wearing a +0 robe (almost dead, about 45% to evade your +0 spear)
You reach to attack!
You barely miss Sigmund.
Sigmund is almost dead.
Sigmund drinks a potion.
Sigmund is healed!
Reach: a) +0 spear
Press: ? - help, Dir - move target, f/p - Sigmund
Aim: Sigmund, wielding a +7 scythe of venom and wearing a +0 robe (heavily wounded, about 45% to evade your +0 spear)
You reach to attack!
You hit Sigmund.
Sigmund is heavily wounded.
Unknown command.
Reach: a) +0 spear
Press: ? - help, Dir - move target, f/p - Sigmund
Aim: Sigmund, wielding a +7 scythe of venom and wearing a +0 robe (heavily wounded, about 45% to evade your +0 spear)
You reach to attack!
You puncture Sigmund!
Sigmund is almost dead.
Sigmund drinks a potion.
Sigmund is healed!
Reach: a) +0 spear
Press: ? - help, Dir - move target, f/p - Sigmund
Aim: Sigmund, wielding a +7 scythe of venom and wearing a +0 robe (heavily wounded, about 45% to evade your +0 spear)
You reach to attack!
You hit Sigmund.
Sigmund is severely wounded.
You are no longer berserk.
You are exhausted.
You feel yourself slow down. Sigmund hits you but does no damage.
Reach: a) +0 spear
Press: ? - help, Dir - move target, f/p - Sigmund
Aim: Sigmund, wielding a +7 scythe of venom and wearing a +0 robe (severely wounded, about 45% to evade your +0 spear)
You reach to attack!
You hit Sigmund.
Sigmund is almost dead.
Sigmund hits you from afar with a +7 scythe of venom!
You die...

*,*********#.# *,*
#.# #^##########.#
#.#.......##.#######
#.#.#####...........
#.#........#.#######
#.#.#####..#.# #@#.#
#....#######
#.#@#####.#.........
#@.#.##...#...######
#.###...#####.###...
##.#.##...#...##....
*#.#####.#...#.....
#.# #...........
##.######....#.....
#.....<.....###....
##...#.#####.# ##...


You could see Sigmund.

Vanquished Creatures
  An iguana (D:3)
  An adder (D:2)
  2 dart slugs
  An endoplasm (D:1)
  4 giant cockroaches
  4 goblins
  6 hobgoblins
  A quokka (D:2)
  4 ball pythons
  A bat (D:2)
  6 frilled lizards
  4 kobolds
  5 rats
40 creatures vanquished.

Vanquished Creatures (others)
  A fungus (D:1)
  8 plants
9 creatures vanquished.

Grand Total: 49 creatures vanquished

Notes
Turn   | Place    | Note
-------+----------+-------------------------------------------
     0 | D:1      | MirrMurr the Gargoyle Berserker began the quest for the
                  | Orb.
     0 | D:1      | Reached XP level 1. HP: 14/14 MP: 1/1
   272 | D:1      | Reached XP level 2. HP: 11/19 MP: 2/2
   635 | D:1      | Found a faded altar of an unknown god.
  1143 | D:2      | Reached XP level 3. HP: 19/23 MP: 3/3
  2564 | D:3      | Found a transporter.
  2564 | D:3      | Found a transporter.
  2572 | D:3      | Noticed flinch's ghost (amateur KoMo)
  2958 | D:3      | Reached XP level 4. HP: 18/29 MP: 4/4
  3136 | D:3      | Found Oriyqiki's Book Emporium.
  3475 | D:4      | Noticed Sigmund
  3494 | D:4      | Slain by Sigmund

Illustrated notes

Levels and vault maps discovered:
D:1:      dpeg_arrival_refuge, layout_rooms,
          shapermc_ecumenical_altar_mp_urbaneastern
D:2:      layout_basic
D:3:      layout_loops_ring, gammafunk_ghost_gnarly_gnolls, serial_shops,
          nicolae_shop_trees, minmay_pentomino_pile
D:4:      layout_loops_ring, minmay_temple_entry_nine_rooms,
          gammafunk_ghost_stat_death, hangedman_decor_clover_reticule,
          uniq_sigmund

Skill      XL: |  1  2  3 |
---------------+----------+-----
Polearms       | 3 |  3.4
Dodging        | 2 |  2.1
Fighting       | |  3.8
Throwing       | |  0.7
Armour         | |  2.7

Action                   |  1- 3 |  4- 6 || total
-------------------------+-------+-------++-------
Melee: Spear             |   142 |    24 ||   166
Invok: Berserk           |     2 |     1 ||     3
  Use: Scroll            |     1 |     4 ||     5
Armor: Animal skin       |    19 |       ||    19
       Ring mail         |    10 |       ||    10
       Scale mail        |     1 |     7 ||     8
Dodge: Dodged            |    69 |     2 ||    71
